 Dungeon Crawl Stone Soup version 0.29.1-1-gd02db6906a (webtiles) character file.

Game seed: 5830238158958785216

270 mortz the Sneak (level 6, -2/28 HPs)
             Began as a Spriggan Conjurer on Sept 16, 2022.
             Was an Initiate of Vehumet.
             Succumbed to a water moccasin's poison
             ... on level 4 of the Dungeon.
             The game lasted 00:19:44 (4992 turns).

mortz the Sneak (Spriggan Conjurer)                 Turns: 4992, Time: 00:19:45

Health: -2/28      AC:  3    Str:  5    XL:     6   Next: 1%
Magic:  6/13       EV: 17    Int: 25    God:    Vehumet [......]
Gold:   299        SH:  0    Dex: 14    Spells: 11/14 levels left

rFire   . . .      SeeInvis +   l - +3 dagger (protect)
rCold   . . .      Faith    .   (no shield)
rNeg    . . .      Spirit   .   a - +1 robe
rPois   .          Reflect  .   (helmet restricted)
rElec   .          Harm     .   (no cloak)
rCorr   .          Rampage  .   (gloves unavailable)
Will    +....                   (boots unavailable)
Stlth   +++.......              (no amulet)
HPRegen 0.09/turn               j - +6 ring of intelligence
MPRegen 0.13/turn               (no ring)

@: lethally poisoned (-2 -> -31), very quick
A: very small, no large weapons, unfitting armour, see invisible, speed 3
a: Renounce Religion


You were on level 4 of the Dungeon.
You worshipped Vehumet.
Vehumet was noncommittal.
You visited 1 branch of the dungeon, and saw 4 of its levels.

You collected 299 gold pieces.

Inventory:

Hand Weapons
 d - a +0 short sword
 e - a +0 dagger
 f - a +0 dagger
 g - a +1 dagger
 h - a +0 dagger
 k - a +0 hand axe
 l - a +3 dagger of protection (weapon)
 o - a +0 dagger
 p - a +0 dagger
Armour
 a - a +1 robe (worn)
Jewellery
 j - a +6 ring of intelligence (left hand)
Potions
 b - a potion of flight {unknown}
 c - a potion of lignification
 i - a potion of brilliance {unknown}
 m - 2 potions of mutation
 n - a potion of curing {unknown}
 q - a potion of ambrosia {unknown}
 r - a potion of attraction {unknown}


   Skills:
 + Level 0.5 Short Blades
 + Level 3.2 Dodging
 + Level 5.5 Stealth
 + Level 4.6 Spellcasting
 + Level 4.1 Conjurations


You had 11 spell levels left.
You knew the following spells:

 Your Spells              Type           Power      Damage    Failure   Level
a - Magic Dart            Conj           100%       1d8       1%          1
b - Searing Ray           Conj           52%        2d6       2%          2

Your spell library contained the following spells:

 Spells                   Type           Power      Damage    Failure   Level
 Dazzling Flash           Conj/Hex       32%        N/A       11%         3
 Fulminant Prism          Conj/Hex       8%         3d7       34%         4
 Iskenderun's Mystic Bla  Conj/Tloc      16%        2d5       34%         4


Dungeon Overview and Level Annotations

Branches:
Dungeon (4/15) Zot: 20391
 Temple: D:4-7

Altars:
Dithmenos
Okawaru
Ru
Uskayaw
Vehumet
Wu Jian

Shops:
D:4 (

Annotations:
D:4 1 runed translucent door, exclusions: door and water moccasin, Crazy Yiuf


Innate Abilities, Weirdness & Mutations

You are very small and have problems with some larger weapons.
You are too small for most types of armour.
You have supernaturally acute eyesight. (SInv)
You cover ground extremely quickly. (Speed+++)


Message History

You start resting.
HP restored.
You start resting.
Magic restored.
Really walk into a travel-excluded area?
The water moccasin hisses angrily.
Casting: Searing Ray (safe; 2% risk of failure)
Confirm with . or Enter, or press ? or * to list all spells.
Aiming: Searing Ray (safe; 2% risk of failure)
Press: ? - help, Shift-Dir - straight line, f - water moccasin
Aim: a water moccasin (66% to hit)
The searing ray hits the water moccasin!
The water moccasin is moderately wounded. (Press . to maintain the ray.)
The searing ray misses the water moccasin.
The water moccasin bites you!
You are poisoned.
The water moccasin poisons you!
The searing ray hits the water moccasin.
The water moccasin is heavily wounded.
You feel very sick. The water moccasin bites you.
The searing ray hits the water moccasin.
The water moccasin is severely wounded.
You finish channelling your searing ray.
You feel very sick. The water moccasin misses you.
The water moccasin bites you!
* * * LOW HITPOINT WARNING * * *
You are more poisoned.
The water moccasin poisons you!
Casting: Searing Ray (safe; 2% risk of failure)
Confirm with . or Enter, or press ? or * to list all spells.
Aiming: Searing Ray (safe; 2% risk of failure)
Press: ? - help, Shift-Dir - straight line, f/p - water moccasin
Aim: a water moccasin (severely wounded, 66% to hit)
The searing ray hits the water moccasin!
You kill the water moccasin!
Vehumet accepts your kill. (Press . to maintain the ray.)
You die...

########................##..##..#
#.............[....##'####..+...#
#...######..###....##...##..#...#
#§..## #..# #.!..##...##..##..#
§§§§§## +...>......#....##..##..#
§§§§§§###..........'.............
§§§.§§§#########...##...##.......
§§§.§§§§.### #†..###########..#
..§§§.§§...+ #@..#....##..##..#
.....§§....# #...#...).........
§§..§§§#...# #...#.............
§§§§§§##...# #...#.............
§§§§§###..## #..###'#####.###.#
#§.§####..######..###...###.###.#
......#..........................
.#....#..........................
.#....#...##..##..##.............


There were no monsters in sight!

Vanquished Creatures
  2 water moccasins (D:4)
  A necrophage (D:4)
  4 adders
  An ufetubus (D:4)
  2 dart slugs
  4 bats
  7 endoplasms
  10 goblins
  3 hobgoblins
  4 jackals (D:4)
  3 quokkas (D:1)
  7 ball pythons
  3 frilled lizards
  9 kobolds
  5 rats
65 creatures vanquished.

Notes
Turn   | Place    | Note
-------+----------+-------------------------------------------
     0 | D:1      | mortz the Spriggan Conjurer began the quest for the Orb.
     0 | D:1      | Reached XP level 1. HP: 9/9 MP: 5/5
    36 | D:1      | You fall into a shaft and drop 1 floor!
   460 | D:1      | Reached XP level 2. HP: 13/13 MP: 4/6
   463 | D:1      | Learned a level 2 spell: Searing Ray
   676 | D:1      | Found a faded altar of an unknown god.
  1103 | D:2      | Reached XP level 3. HP: 16/16 MP: 5/8
  2789 | D:3      | Reached XP level 4. HP: 21/21 MP: 8/10
  3119 | D:4      | Noticed a necrophage
  3147 | D:4      | Found Zearrate's Weapon Emporium.
  3766 | D:4      | Killed a necrophage
  3767 | D:4      | Reached skill level 4 in Stealth
  3938 | D:4      | Noticed a water moccasin
  3968 | D:4      | Found a faded altar of an unknown god.
  3968 | D:4      | Found an iron altar of Okawaru.
  3976 | D:4      | Found a hide-covered altar of Uskayaw.
  3978 | D:4      | Found a sacrificial altar of Ru.
  3980 | D:4      | Found a radiant altar of Vehumet.
  3983 | D:4      | Became a worshipper of Vehumet
  4019 | D:4      | Reached XP level 5. HP: 24/24 MP: 6/12
  4269 | D:4      | Noticed a water moccasin
  4422 | D:4      | Found an ornate altar of the Wu Jian Council.
  4496 | D:4      | Found a runed translucent door.
  4497 | D:4      | Noticed Crazy Yiuf
  4532 | D:4      | Found a shadowy altar of Dithmenos.
  4926 | D:4      | Killed a water moccasin
  4927 | D:4      | Reached skill level 5 in Stealth
  4927 | D:4      | Reached XP level 6. HP: 24/28 MP: 5/13
  4992 | D:4      | Killed a water moccasin
  4992 | D:4      | Succumbed to a water moccasin's poison

Illustrated notes

Levels and vault maps discovered:
D:1:      dpeg_arrival_boxorama, layout_rooms,
          hellmonk_ecumenical_altar_slurped_away, dreamdust_princess_bridge
D:2:      layout_basic, kennysheep_generic_room_9
D:3:      layout_rooms, minmay_curled_crystal, amcnicky_mini_corridor_feature,
          chequers_serial_rivers_room_b, chequers_serial_rivers_micro_c
D:4:      layout_gridville, chequers_temple_overflow_minitemple,
          nicolae_dithmenos_the_darkroom, amcnicky_altar_gilded,
          nicolae_stop_n_shop_2, roderic_serpentine_path, serial_park_tiny_2,
          uniq_crazy_yiuf_cottage

Skill      XL: |  1  2  3  4  5 |
---------------+----------------+-----
Conjurations   | 3 4 |  4.1
Spellcasting   | 3 4 |  4.6
Dodging        | 3 |  3.2
Stealth        | 4 5 |  5.5
Short Blades   | |  0.5

Action                   |  1- 3 |  4- 6 || total
-------------------------+-------+-------++-------
Melee: Dagger            |     5 |     5 ||    10
 Cast: Magic Dart        |    73 |    27 ||   100
       Searing Ray       |       |    11 ||    11
  Use: Scroll            |     8 |     2 ||    10
       Potion            |       |     1 ||     1
 Stab: Sleeping          |     5 |     5 ||    10
Armor: Robe              |     2 |       ||     2
Dodge: Dodged            |     8 |    10 ||    18
